 Dungeon Crawl Stone Soup version 0.30-a0-937-ga0a21ad780 (webtiles) character file.

Game seed: 9750423412542470529

2940 kiwi3s the Cleaver (level 9, -7/124 HPs)
             Began as a Minotaur Berserker on Mar 24, 2023.
             Was an Elder of Trog.
             Mangled by an ogre
             ... wielding a +0 halberd
              (12 damage)
             ... in a bailey.
             The game lasted 00:08:33 (8599 turns).

kiwi3s the Cleaver (Minotaur Berserker)             Turns: 8599, Time: 00:08:34

Health: -7/124     AC:  5    Str: 27    XL:     9   Next: 51%
Magic:  8/8        EV: 11    Int:  4    God:    Trog [****..]
Gold:   417        SH:  0    Dex:  9    Spells: 8/8 levels left

rFire   + . .      SeeInvis +    a - +0 hand axe
rCold   + . .      Faith    +    (no shield)
rNeg    . . .      Spirit   .    B - +0 leather armour
rPois   .          Reflect  .    (helmet restricted)
rElec   .          Rampage  .    F - scarf {rC+ rF+}
rCorr   +                        e - +0 pair of gloves
Will    .....                    L - +0 pair of boots Stlth
                                 t - amulet of faith
HPRegen 0.40/turn                w - ring of see invisible
MPRegen 0.11/turn                h - ring of resist corrosion

@: berserking (expiring), very quick
A: horns 2, retaliatory headbutt
a: Renounce Religion, Berserk, Trog's Hand, Brothers in Arms


You were in a bailey.
You worshipped Trog.
Trog was greatly pleased with you.
You visited 1 branch of the dungeon, and saw 8 of its levels.
You also visited: Bailey.

You collected 552 gold pieces.
You spent 135 gold pieces at shops.

Inventory:

Hand Weapons
 a - a +0 hand axe (weapon)
 y - the +8 trident of the Octopus King {venom, rElec rPois}
   (You took it off a kobold on level 4 of the Dungeon)

   rElec:     It insulates you from electricity.
   rPois:     It protects you from poison.
 A - a +0 war axe
Armour
 b - a +0 animal skin
 e - a +0 pair of gloves (worn)
 B - a +0 leather armour (worn)
 F - a scarf of resistance (worn)
 G - a +0 chain mail
 L - a +0 pair of boots (worn)
Jewellery
 g - an amulet of regeneration
 h - a ring of resist corrosion (right hand)
 n - a ring of protection from cold
 s - a ring of fire
 t - an amulet of faith (around neck)
 w - a ring of see invisible (left hand)
 D - a +6 ring of intelligence
Wands
 C - a wand of flame (16)
 J - a wand of acid (6)
Scrolls
 c - 11 scrolls of identify
 f - 2 scrolls of blinking {unknown}
 i - 2 scrolls of vulnerability {unknown}
 j - 3 scrolls of fear {unknown}
 k - 10 scrolls of teleportation
 l - a scroll of immolation {unknown}
 m - 2 scrolls of noise {unknown}
 p - 3 scrolls of amnesia {unknown}
 q - a scroll of acquirement {unknown}
 x - a scroll of poison {unknown}
 z - a scroll of magic mapping {unknown}
Potions
 d - a potion of flight {unknown}
 o - a potion of attraction {unknown}
 r - 2 potions of haste
 u - 2 potions of invisibility {unknown}
 v - 3 potions of curing {unknown}
 E - a potion of resistance
 H - 2 potions of mutation {unknown}
 I - a potion of brilliance {unknown}
 K - a potion of degeneration {unknown}
 M - 2 potions of magic {unknown}
 N - 2 potions of heal wounds {unknown}


   Skills:
 - Level 9.1 Fighting
 * Level 13.7 Axes
 - Level 2.4 Armour
 - Level 2.1 Dodging


You had 8 spell levels left.
You didn't know any spells.
Your spell library was empty.

Dungeon Overview and Level Annotations

Branches:
Dungeon (8/15)             Temple (0/1) D:4          Bailey (1/1)
   Lair: D:8-11

Altars:
Ashenzari
Cheibriados
Dithmenos
Fedhas
Kikubaaqudgha
Okawaru
Ru
Sif Muna
Trog
Vehumet
Wu Jian
Yredelemnul
Zin
The Shining One

Shops:
D:7 ?


Innate Abilities, Weirdness & Mutations

You have a pair of horns on your head.
You reflexively headbutt those who attack you in melee.


Message History

Trog accepts your kill.
The spriggan hits you from afar with a +0 vampiric spear.
The spriggan splashes around in the water.
The ogre barely misses you.
The spriggan hits you with a +0 vampiric spear!
A red film seems to cover your vision as you go berserk!
You feel yourself moving faster!
You feel mighty!
The spriggan splashes around in the water.
The ogre misses you.
The ogre hits you from afar with a +0 halberd!!
* * * LOW HITPOINT WARNING * * *
The spriggan closely misses you. You furiously retaliate!
You headbutt the spriggan! You closely miss the spriggan.
You headbutt the spriggan.
The spriggan is severely wounded.
Unknown command.
You are too injured to fight recklessly!
You barely miss the spriggan.
The spriggan is severely wounded.
The spriggan splashes around in the water.
The ogre hits you from afar with a +0 glaive!!
* * * LOW HITPOINT WARNING * * *
You hit the spriggan.
The spriggan is almost dead.
The spriggan closely misses you.
A steam dragon comes into view.
The ogre hits you from afar with a +0 halberd.
* * * LOW HITPOINT WARNING * * *
Unknown command.
The steam dragon hisses angrily.
You slash the spriggan!
You kill the spriggan!
Trog accepts your kill.
You hear a splash. x3
Unknown command.
You are too injured to fight recklessly!
The ogre closely misses you. You furiously retaliate!
You headbutt the ogre! You barely miss the ogre. Your headbutt misses the ogre.
You hit the ogre. The ogre hits you with a +0 halberd!
You die...

#########
##.......##
##.........##
##..#######..##
##..#♣ ♣♣..##
##).## ##..##
#..## ♣.).#
~..# #...# ~..♣
#)@.# ~..#
♣.~OO.# ~..♣
♣.#~..# ~..#
♣.#...# #..♣ .
♣...# ##..♣ D.
♣..## #.. ..
..## .#


You could see 2 ogres.

Vanquished Creatures
  Pikel (D:6)
  Grinder (D:4)
  Sigmund (D:3)
  2 spriggans (Bailey)
  2 water moccasins
  An ice beast (D:7)
  A sky beast (D:8)
  2 ogres
  2 centaurs (D:6)
  2 kobold brigands (D:7)
  A lemure (D:6)
  2 bullfrogs
  2 scorpions
  6 hounds
  3 orc priests
  2 jellies
  3 iguanas
  A sleepcap (D:4)
  3 orc wizards
  Robin (D:3)
  5 adders
  A shadow imp (D:8)
  A white imp (D:7)
  2 ufetubi
  4 worms
  5 dart slugs
  14 orcs
  8 ball pythons
  8 endoplasms
  4 giant cockroaches
  14 hobgoblins
  16 kobolds
  3 quokkas
  7 bats
  2 frilled lizards (D:1)
  17 goblins
  6 rats
156 creatures vanquished.

Vanquished Creatures (others)
  4 toadstools (D:1)
4 creatures vanquished.

Grand Total: 160 creatures vanquished

Notes
Turn   | Place    | Note
-------+----------+-------------------------------------------
     0 | D:1      | kiwi3s the Minotaur Berserker began the quest for the Orb.
     0 | D:1      | Reached XP level 1. HP: 19/19 MP: 0/0
    93 | D:1      | Reached skill level 4 in Axes
   215 | D:1      | Reached XP level 2. HP: 23/27 MP: 1/1
   239 | D:1      | Found a faded altar of an unknown god.
   943 | D:2      | Reached ** piety under Trog
   947 | D:2      | Reached XP level 3. HP: 23/33 MP: 2/2
   955 | D:2      | Reached skill level 5 in Axes
   959 | D:2      | Reached XP level 4. HP: 8/41 MP: 3/3
  1218 | D:2      | Found a radiant altar of Vehumet.
  1365 | D:2      | Reached skill level 6 in Axes
  1849 | D:2      | Reached XP level 5. HP: 46/47 MP: 4/4
  2128 | D:3      | Noticed Robin
  2138 | D:3      | Killed Robin
  2141 | D:3      | Reached *** piety under Trog
  2298 | D:3      | Reached skill level 5 in Fighting
  2377 | D:3      | Noticed Sigmund
  2457 | D:3      | Killed Sigmund
  2458 | D:3      | Reached skill level 7 in Axes
  2458 | D:3      | Reached XP level 6. HP: 19/56 MP: 5/5
  2845 | D:3      | Found a blossoming altar of Fedhas.
  2982 | D:3      | Found a bloodstained altar of Trog.
  3414 | D:4      | Reached skill level 8 in Axes
  3660 | D:4      | Identified the +12 trident "Onacrix" {spect, Drain rElec
                  | rC+ Str+3}
  3746 | D:4      | Found a staircase to the Ecumenical Temple.
  3769 | D:4      | Reached XP level 7. HP: 22/63 MP: 6/6
  3976 | D:4      | Noticed Grinder
  3984 | D:4      | Killed Grinder
  3985 | D:4      | Reached skill level 9 in Axes
  4362 | D:4      | Found a shadowy altar of Dithmenos.
  4541 | D:5      | Entered Level 5 of the Dungeon
  4643 | D:5      | Found a glowing silver altar of Zin.
  4673 | D:5      | Found a glowing golden altar of the Shining One.
  4675 | D:5      | Noticed an angel
  4680 | D:5      | Found a basalt altar of Yredelemnul.
  4682 | D:5      | Noticed a profane servitor
  4697 | D:5      | Reached **** piety under Trog
  5250 | D:5      | Reached XP level 8. HP: 44/73 MP: 7/7
  5588 | D:6      | Noticed Pikel
  5604 | D:6      | Killed Pikel
  5605 | D:6      | Reached skill level 11 in Axes
  5786 | D:6      | Found an iron altar of Okawaru.
  6097 | D:6      | Found a sacrificial altar of Ru.
  6341 | D:6      | Found an ornate altar of the Wu Jian Council.
  6341 | D:6      | Found a snail-covered altar of Cheibriados.
  6703 | D:7      | Reached skill level 12 in Axes
  6782 | D:7      | Reached XP level 9. HP: 72/82 MP: 8/8
  6937 | D:7      | Found a broken altar of Ashenzari.
  6994 | D:7      | Found an ancient bone altar of Kikubaaqudgha.
  7000 | D:7      | Found a shimmering blue altar of Sif Muna.
  7002 | D:7      | Found a radiant altar of Vehumet.
  7383 | D:7      | Found Heogar's Magic Scroll Emporium.
  7394 | D:7      | Bought a scroll of identify for 30 gold pieces
  7394 | D:7      | Bought a scroll of identify for 30 gold pieces
  7394 | D:7      | Bought a scroll of teleportation for 45 gold pieces
  7394 | D:7      | Bought a scroll of identify for 30 gold pieces
  8446 | D:8      | Reached skill level 13 in Axes
  8462 | D:8      | Found a flagged portal.
  8476 | Bailey   | Entered a bailey
  8596 | Bailey   | HP: 5/124 [ogre/+0 halberd (2)]
  8599 | Bailey   | Mangled by an ogre

Illustrated notes

Levels and vault maps discovered:
D:1:      wander_arrival_peaceful_grave, layout_basic,
          ebering_ecumenical_altar_rust, hangedman_glass_teeth,
          minmay_statues_item, minmay_gold_behind_fungi, serial_bayou_pond_e,
          minmay_misc_feat_square, chequers_serial_rivers_micro_c
D:2:      layout_basic, basic_altar
D:3:      layout_loops_ring, mainiacjoe_overflow_brackets, trog_book,
          chequers_jeans, kennysheep_small_spiral, uniq_robin, uniq_sigmund
D:4:      layout_basic, lemuel_coloured_pillars_altar, minmay_temple_entry_mist,
          uniq_grinder
D:5:      layout_loops_ring, grunt_temple_overflow_holy_war,
          overflow_temple_1_default, minmay_misc_feat_cross
D:6:      layout_loops_ring, old_standard_altar,
          nicolae_ru_great_annihilating_truth, gammafunk_temple_overflow_wave,
          uniq_pikel
D:7:      layout_basic, grunt_temple_overflow_magic_moments,
          kennysheep_mini_moat, serial_shops, nicolae_shop_waterfront,
          supply_closet_lemuel
D:8:      layout_basic, enter_bailey_3, kennysheep_small_square
Bailey:   bailey_polearm_enchanted_keep_hellmonk, bailey

Skill      XL: |  1  2  3  4  5  6  7  8  9 |
---------------+----------------------------+-----
Axes           | 4 5 6 7 8 9 12 13 | 13.7
Fighting       | 4 5 6 7 8 9 |  9.1
Armour         | |  2.4
Dodging        | |  2.1

Action                     |  1- 3 |  4- 6 |  7- 9 || total
---------------------------+-------+-------+-------++-------
  Melee: Hand axe          |    71 |   166 |   220 ||   457
         Headbutt          |     2 |    29 |    38 ||    69
         Punch             |       |     2 |     4 ||     6
  Throw: Throwing net      |       |     1 |       ||     1
 Invoke: Berserk           |     1 |     1 |     3 ||     5
   Stab: Sleeping          |       |     1 |       ||     1
         Invisible         |       |       |     1 ||     1
 Armour: Animal skin       |    16 |    32 |       ||    48
         Leather armour    |       |       |    40 ||    40
  Dodge: Dodged            |    46 |    89 |   105 ||   240

Table legend: (Time is in decaauts)
 A = Elapsed time spent in this place.
 B = Non-inter-level travel time spent in this place.
 C = Inter-level travel time spent in this place.
 D = Time resting spent in this place.
 E = Time spent auto-exploring this place.
 F = Levels seen in this place.
 G = Mean time per level.
                   A        B        C        D        E       F      G
               +--------+--------+--------+--------+--------+-----+--------+
         Total |   8577 |   8189 |    388 |    925 |   6223 |   9 |  953.0 |
       Dungeon |   8459 |   8071 |    388 |    925 |   6123 |   8 | 1057.4 |
        Bailey |    118 |    118 |      0 |      0 |    100 |   1 |  118.0 |
               +--------+--------+--------+--------+--------+-----+--------+

Top non-repeatable levels by time:
     D:4: 1502 daAuts
     D:7: 1268 daAuts
     D:2: 1148 daAuts
     D:6: 1126 daAuts
     D:5: 1011 daAuts
     D:3: 992 daAuts
     D:1: 919 daAuts
     D:8: 489 daAuts
  Bailey: 118 daAuts
